 Dungeon Crawl Stone Soup version 0.28-a0-1234-g826d19b2e0 (webtiles) character file.

Game seed: 13312663442693850618

80 freelancePsychic the Shield-Bearer (level 4, 0/34 HPs)
             Began as a Gnoll Wanderer on Dec 24, 2021.
             Succumbed to a kobold's poison
             ... on level 4 of the Dungeon.
             The game lasted 00:05:43 (3117 turns).

freelancePsychic the Shield-Bearer (Gnoll Wanderer) Turns: 3117, Time: 00:05:44

Health: 0/34       AC:  8    Str: 10    XL:     4   Next: 39%
Magic:  5/5        EV: 10    Int: 13    God:
Gold:   197        SH:  7    Dex: 13    Spells: 5/5 levels left

rFire   . . .      SeeInvis .   a - +0 falchion
rCold   . . .      Faith    .   b - +2 buckler
rNeg    . . .      Spirit   .   k - +0 ring mail
rPois   .          Reflect  .   (no helmet)
rElec   .          Harm     .   (no cloak)
rCorr   .          Rampage  .   (no gloves)
Will    .....                   c - +1 pair of boots
Stlth   +.........              (no amulet)
HPRegen 0.11/turn               (no ring)
MPRegen 0.09/turn               (no ring)

@: lethally poisoned (0 -> -8)
A: fangs 1, strong nose, distributed training
a: no special abilities


You were on level 4 of the Dungeon.
You visited 1 branch of the dungeon, and saw 4 of its levels.

You collected 197 gold pieces.

Inventory:

Hand Weapons
 a - a +0 falchion (weapon)
Armour
 b - a +2 buckler (worn)
 c - a +1 pair of boots (worn)
 k - a +0 ring mail (worn)
Magical Staves
 p - a staff of air
Jewellery
 j - a ring of poison resistance
 n - a +6 ring of strength
Scrolls
 g - a scroll of teleportation {@r4}
 o - 2 scrolls of identify {unknown}
 q - 2 scrolls of immolation
Potions
 d - 2 potions of mutation {unknown}
 e - a potion of might {unknown}
 f - a potion of lignification {unknown}
 h - a potion of flight {unknown}
 i - 2 potions of resistance {unknown}
 l - a potion of heal wounds {unknown}
 m - a potion of curing {@q1}


   Skills:
 + Level 2.7 Fighting
 + Level 1.1 Short Blades
 + Level 2.7 Long Blades
 + Level 1.1 Axes
 + Level 1.1 Maces & Flails
 + Level 1.1 Polearms
 + Level 1.1 Staves
 + Level 1.1 Slings
 + Level 1.1 Bows
 + Level 1.1 Crossbows
 + Level 1.1 Throwing
 + Level 4.6 Armour
 + Level 1.1 Dodging
 + Level 2.5 Stealth
 + Level 6.6 Shields
 + Level 1.1 Unarmed Combat
 + Level 1.1 Spellcasting
 + Level 0.9 Conjurations
 + Level 0.9 Hexes
 + Level 0.9 Summonings
 + Level 0.9 Necromancy
 + Level 0.9 Translocations
 + Level 0.9 Transmutations
 + Level 0.9 Fire Magic
 + Level 0.9 Ice Magic
 + Level 0.9 Air Magic
 + Level 0.9 Earth Magic
 + Level 0.9 Poison Magic
 + Level 1.2 Invocations
 + Level 4.6 Evocations


You had 5 spell levels left.
You didn't know any spells.
Your spell library was empty.

Dungeon Overview and Level Annotations

Branches:
Dungeon (4/15)
 Temple: D:4-7

Altars:


Innate Abilities, Weirdness & Mutations

You have very sharp teeth.
Your uncanny sense of smell can sniff out nearby items.
Your experience applies equally to all skills.


Message History

You feel very sick. The ufetubus closely misses you. The ufetubus misses you.
You block the kobold's attack. You block the ogre's attack.
You block the ufetubus's attack. The ufetubus completely misses you.
You hit the ogre.
The ogre is lightly wounded.
You feel sick. You block the ufetubus's attack.
The ufetubus closely misses you.
The kobold hits you with a +0 dagger of venom.
The quokka closely misses you.
The ogre hits you with a +0 giant club!!
Ouch! That really hurt!
* * * LOW HITPOINT WARNING * * *
You are too injured to fight recklessly!
You are too injured to fight recklessly!
You are too injured to fight recklessly!
You are too injured to fight recklessly!
You are too injured to fight recklessly!
You are too injured to fight recklessly!
You are too injured to fight recklessly!
You are too injured to fight recklessly!
You are too injured to fight recklessly!
You are too injured to fight recklessly!
You are too injured to fight recklessly!
You are too injured to fight recklessly!
You are too injured to fight recklessly!
You are too injured to fight recklessly!
You are too injured to fight recklessly!
You are too injured to fight recklessly!
You are too injured to fight recklessly!
You are too injured to fight recklessly!
You are too injured to fight recklessly!
You are too injured to fight recklessly!
You are too injured to fight recklessly!
You are too injured to fight recklessly!
You are too injured to fight recklessly!
You are too injured to fight recklessly!
You are too injured to fight recklessly!
You are too injured to fight recklessly!
You die...

....#
#...............#
....#
#.............#
....#
###'#####.....#
##### #.# #.....#
#### #.# ##.####
...## #.# #.#
....#####.# #.#
..........#
#.####
....#######
#@.r.# ....#####
##.K.# ....'...#
#5O.# ....###.# ∆
'...'.. ......#.#
.#...#....
....#.#.#
.##...##...
....#.#.# .#
#...# #..
....#.#.# ##
#...# # #####.#.#
#...#


You could see an ogre, an ufetubus, a quokka and a kobold.

Vanquished Creatures
  An adder (D:3)
  An ufetubus (D:4)
  A dart slug (D:2)
  An orc (D:2)
  4 endoplasms
  3 giant cockroaches (D:2)
  7 hobgoblins
  4 jackals (D:1)
  2 quokkas
  8 ball pythons
  7 bats
  A frilled lizard (D:1)
  8 goblins
  5 kobolds
  7 rats
60 creatures vanquished.

Notes
Turn   | Place    | Note
-------+----------+-------------------------------------------
     0 | D:1      | freelancePsychic the Gnoll Wanderer began the quest for the
                  | Orb.
     0 | D:1      | freelancePsychic set off with the following items: a +0
                  | falchion, a +2 buckler, a +0 pair of boots, a +0 robe
     0 | D:1      | Reached XP level 1. HP: 17/17 MP: 1/1
   175 | D:1      | Reached XP level 2. HP: 17/23 MP: 2/2
   879 | D:1      | Found a faded altar of an unknown god.
  1150 | D:2      | Reached XP level 3. HP: 28/28 MP: 3/3
  1611 | D:2      | Reached skill level 1 in Invocations
  1906 | D:2      | Reached skill level 1 in Short Blades
  1906 | D:2      | Reached skill level 1 in Axes
  1906 | D:2      | Reached skill level 1 in Maces & Flails
  1906 | D:2      | Reached skill level 1 in Polearms
  1906 | D:2      | Reached skill level 1 in Staves
  1906 | D:2      | Reached skill level 1 in Slings
  1906 | D:2      | Reached skill level 1 in Bows
  1906 | D:2      | Reached skill level 1 in Crossbows
  1906 | D:2      | Reached skill level 1 in Throwing
  1906 | D:2      | Reached skill level 1 in Dodging
  1906 | D:2      | Reached skill level 1 in Unarmed Combat
  1906 | D:2      | Reached skill level 1 in Spellcasting
  2320 | D:3      | Reached XP level 4. HP: 15/34 MP: 5/5
  3108 | D:4      | Noticed an ogre
  3117 | D:4      | Succumbed to a kobold's poison

Illustrated notes

Levels and vault maps discovered:
D:1:      minmay_arrival_cross, layout_loops_cross,
          ebering_ecumenical_altar_webs
D:2:      cheibrodos_greedy_goblins, layout_loops_ring, grunt_decor_junction
D:3:      layout_basic
D:4:      kennysheep_six_static_rooms, layout_basic

Skill      XL: |  1  2  3 |
---------------+----------+-----
Invocations    | 1 |  1.2
Short Blades   | 1 |  1.1
Axes           | 1 |  1.1
Maces & Flails | 1 |  1.1
Polearms       | 1 |  1.1
Staves         | 1 |  1.1
Slings         | 1 |  1.1
Bows           | 1 |  1.1
Crossbows      | 1 |  1.1
Throwing       | 1 |  1.1
Dodging        | 1 |  1.1
Unarmed Combat | 1 |  1.1
Spellcasting   | 1 |  1.1
Fighting       | |  2.7
Long Blades    | |  2.7
Armour         | |  4.6
Stealth        | |  2.5
Shields        | |  6.6
Conjurations   | |  0.9
Hexes          | |  0.9
Summonings     | |  0.9
Necromancy     | |  0.9
Translocations | |  0.9
Transmutations | |  0.9
Fire Magic     | |  0.9
Ice Magic      | |  0.9
Air Magic      | |  0.9
Earth Magic    | |  0.9
Poison Magic   | |  0.9
Evocations     | |  4.6

Action                   |  1- 3 |  4- 6 || total
-------------------------+-------+-------++-------
Melee: Falchion          |   201 |    40 ||   241
       Bite              |    10 |     5 ||    15
  Use: Scroll            |     5 |       ||     5
 Stab: Sleeping          |     4 |     3 ||     7
Armor: Robe              |    19 |       ||    19
       Ring mail         |    73 |    15 ||    88
Dodge: Dodged            |   120 |    28 ||   148
Block: Buckler           |    87 |    24 ||   111

Table legend: (Time is in decaauts)
 A = Elapsed time spent in this place.
 B = Non-inter-level travel time spent in this place.
 C = Inter-level travel time spent in this place.
 D = Time resting spent in this place.
 E = Time spent auto-exploring this place.
 F = Levels seen in this place.
 G = Mean time per level.
                   A        B        C        D        E       F      G
               +--------+--------+--------+--------+--------+-----+--------+
         Total |   3159 |   3082 |     77 |    112 |   2411 |   4 |  789.8 |
       Dungeon |   3159 |   3082 |     77 |    112 |   2411 |   4 |  789.8 |
               +--------+--------+--------+--------+--------+-----+--------+

Top non-repeatable levels by time:
     D:1: 1108 daAuts
     D:2: 994 daAuts
     D:3: 917 daAuts
     D:4: 139 daAuts
